 Dungeon Crawl Stone Soup version 0.24.0-13-gcf9b319 (webtiles) character file.

Game seed: 17553536110134005824, levelgen mode: deterministic

107 Bronimir the Magician (level 4, 0/24 HPs)
             Began as a Tengu Wizard on Apr 1, 2020.
             Killed by nerve-wracking pain
             ... invoked by Grinder
              (5 damage)
             ... on level 4 of the Dungeon.
             The game lasted 00:07:50 (4418 turns).

Bronimir the Magician (Tengu Wizard)                Turns: 4418, Time: 00:07:51

Health: 0/24       AC:  3    Str:  8    XL:     4   Next: 86%
Magic:  2/10       EV: 12    Int: 18    God:
Gold:   69         SH:  0    Dex: 13    Spells: 0/10 levels left

rFire    + . .     SeeInvis .   a - +0 spear
rCold    . . .     Gourm    .   (no shield)
rNeg     . . .     Faith    .   u - +0 leather armour {rF+}
rPois    .         Spirit   .   b - +0 hat
rElec    .         Reflect  .   (no cloak)
rCorr    .         Harm     .   (no gloves)
MR       .....                  (boots unavailable)
Stlth    ++........             (no amulet)
HPRegen  0.08/turn              (no ring)
MPRegen  0.12/turn              (no ring)

@: no status effects
A: beak, talons 3
a: no special abilities


You were on level 4 of the Dungeon.
You were very hungry.

You visited 1 branch of the dungeon, and saw 4 of its levels.

You collected 69 gold pieces.

Inventory:

Hand Weapons
 a - a +0 spear (weapon)
 o - a +0 mace
 x - a +1 mace of draining
Missiles
 c - 78 arrows
 e - 38 poisoned darts (quivered)
 p - 55 stones
 q - 63 sling bullets
 t - 23 bolts
Armour
 b - a +0 hat (worn)
 g - a +0 robe
 n - a +0 ring mail
 u - a +0 leather armour of fire resistance (worn)
Wands
 s - a wand of polymorph (5)
Scrolls
 f - 2 scrolls of identify
 h - a scroll of fog {unknown}
 i - 2 scrolls of teleportation {unknown}
 j - 2 scrolls of amnesia {unknown}
 m - 2 scrolls of fear {unknown}
 r - a scroll of immolation {unknown}
 w - 2 scrolls of random uselessness {unknown}
 y - 3 scrolls of remove curse {unknown}
 D - a scroll of enchant weapon {unknown}
Potions
 k - a potion of heal wounds
 l - a potion of mutation {unknown}
 v - a potion of haste {unknown}
 z - a potion of agility {unknown}
 A - a potion of flight {unknown}
 B - 2 potions of invisibility {unknown}
 C - a potion of brilliance {unknown}
Comestibles
 d - 4 rations


   Skills:
 + Level 0.6 Fighting
 + Level 1.6 Maces & Flails
 + Level 0.1 Polearms
 * Level 1.2 Armour
 + Level 2.6 Dodging
 - Level 2.0 Stealth
 * Level 3.9 Spellcasting
 * Level 2.4 Conjurations
 + Level 1.4 Summonings
 + Level 0.7 Translocations


You couldn't memorise any spells.
You knew the following spells:

 Your Spells              Type           Power        Failure   Level  Hunger
a - Magic Dart            Conj           ##..         8%          1    None
b - Call Imp              Summ           #.......     17%         2    ##.....
c - Blink                 Tloc           N/A          24%         2    ##.....
d - Slow                  Hex            #.......     32%         2    ##.....
e - Mephitic Cloud        Conj/Pois/Air  #.......     41%         3    ###....

Your spell library contained the following spells:

 Spells                   Type           Power        Failure   Level  Hunger
 Conjure Flame            Conj/Fire      #.......     36%         3    ###....


Dungeon Overview and Level Annotations

Branches:
Dungeon (4/15)
 Temple: D:4-7

Altars:
Trog
The Shining One

Annotations:
D:4 Grinder


Innate Abilities, Weirdness & Mutations

You have a beak for a mouth.
You have claws for feet.


Message History

Aim: Grinder (lightly wounded)
You throw a poisoned dart. The poisoned dart hits Grinder.
Grinder is poisoned.
Grinder is lightly wounded.
Your crimson imp blinks!
Grinder gestures at you.
You barely resist.
Found a scroll labeled CEXOEZXAASS.
Your crimson imp disappears in a puff of smoke!
A killer bee zombie comes into view.
Grinder gestures at you. Pain shoots through your body!
* * * LOW HITPOINT WARNING * * *
Throwing (i - inventory. (/) - cycle)
e - 39 poisoned darts (quivered)
Press: ? - help, Shift-Dir - straight line, f/p - Grinder
Aim: Grinder (moderately wounded, poisoned)
You throw a poisoned dart. The poisoned dart hits Grinder.
Grinder is moderately wounded.
Grinder gestures at you. Pain shoots through your body!
You die...

..
######.........#....
...
...........###..###
...###.....####.#...##
.?.%......##......###
.............##<###
........>#..5.....# .
#.....(..(##.#
....##.###5%...# .#
Z.......@...........#
.....#.#######.ยง##..#
#... #. ##.# ...# #.#
#. #... #.. . ## ##..#
. .... ....


You could see Grinder.

Vanquished Creatures
  A gnoll (D:2)
  3 adders
  An ooze (D:2)
  A dart slug (D:1)
  4 orcs (D:3)
  A ball python (D:2)
  6 bats
  2 giant cockroaches
  5 goblins
  5 hobgoblins
  4 jackals
  13 kobolds
  A quokka (D:2)
  5 frilled lizards
  7 rats
59 creatures vanquished.

Vanquished Creatures (collateral kills)
  A worm (D:2)
  A ball python (D:2)
  A jackal (D:4)
  A frilled lizard (D:4)
  A kobold (D:2)
5 creatures vanquished.

Grand Total: 64 creatures vanquished

Notes
Turn   | Place    | Note
-------+----------+-------------------------------------------
     0 | D:1      | Bronimir the Tengu Wizard began the quest for the Orb.
     0 | D:1      | Reached XP level 1. HP: 10/10 MP: 5/5
   208 | D:1      | Reached XP level 2. HP: 14/15 MP: 7/7
   972 | D:2      | Reached XP level 3. HP: 12/19 MP: 6/8
  1214 | D:2      | Reached skill level 1 in Maces & Flails
  1463 | D:2      | Found a glowing golden altar of the Shining One.
  1463 | D:2      | Found a bloodstained altar of Trog.
  2134 | D:2      | Learned a level 2 spell: Call Imp
  2137 | D:2      | Learned a level 2 spell: Blink
  2140 | D:2      | Learned a level 2 spell: Slow
  2322 | D:2      | Reached XP level 4. HP: 20/24 MP: 10/10
  2347 | D:2      | Reached skill level 1 in Armour
  2439 | D:2      | HP: 1/24 [poisoned by an adder]
  3104 | D:3      | Learned a level 3 spell: Mephitic Cloud
  4291 | D:4      | Noticed Grinder
  4418 | D:4      | Killed from afar by Grinder

Levels and vault maps discovered:
D:1:      saegor_arrival_simple_a, layout_basic
D:2:      wad_river_or_something, layout_basic, gammafunk_temple_overflow_pools,
          first_ration
D:3:      layout_basic, patterned_corridor
D:4:      layout_rooms, serial_park_tiny_1, minmay_tree_intersection,
          uniq_grinder

Skill      XL: |  1  2  3  4 |
---------------+-------------+-----
Conjurations   | 2 |  2.4
Maces & Flails | 1 |  1.6
Armour         | 1 |  1.2
Fighting       | |  0.6
Polearms       | |  0.1
Dodging        | |  2.6
Stealth        | |  2.0
Spellcasting   | |  3.9
Summonings     | |  1.4
Translocations | |  0.7

Action                   |  1- 3 |  4- 6 || total
-------------------------+-------+-------++-------
Melee: Mace              |    30 |       ||    30
       Kick              |    17 |    17 ||    34
       Peck              |     5 |     5 ||    10
       Spear             |    83 |   105 ||   188
Throw: Dart              |       |    11 ||    11
 Cast: Magic Dart        |    17 |     7 ||    24
       Blink             |     1 |     2 ||     3
       Call Imp          |       |    13 ||    13
       Slow              |       |     2 ||     2
  Use: Potion            |     1 |     1 ||     2
       Scroll            |     1 |       ||     1
 Stab: Sleeping          |    12 |     5 ||    17
  Eat: Chunk             |     4 |     3 ||     7
       Ration            |       |     1 ||     1
Armor: Robe              |    19 |     2 ||    21
       Leather armour    |       |    17 ||    17
Dodge: Dodged            |    77 |    93 ||   170
